Map: World of Sleepers LE

Players

IceColdWater

  • Race: Terran Terran
  • League: Platinum
  • Spawn Location: 7:00

pHARM - Winner!

  • Race: Zerg Zerg
  • League: Platinum
  • Spawn Location: 1:00

VOD

Have the link to the VOD?

Description

Time

  • Played on: Sept. 7, 2019, 4:59 p.m.
  • Length: 22:24
Show
View Real Time Build Order
Export as new Build Order

IceColdWater Terran 

Build Orders: 2 Factory 

Get SALT Encoding   

  12  0:01  SCV  
  13  0:13  SCV  
  14  0:18  Supply Depot  
  14  0:25  SCV  
  15  0:31  Refinery  
  15  0:41  SCV  
  16  0:44  Supply Depot  
  16  0:57  Barracks  
  16  1:09  SCV  
  17  1:12  Refinery  
  17  1:22  SCV  
  18  1:35  SCV  
  19  1:45  Factory  
  19  1:54  Marine  
  19  1:56  Orbital Command  
  20  2:10  Factory  
  20  2:14  Refinery  
  20  2:26  Barracks Tech Lab  
  20  2:27  SCV  
  21  2:33  Hellion  
  23  2:45  Starport  
  23  3:00  Supply Depot  
  23  3:21  SCV, Armory  
  23  3:22  Hellion  
  23  3:23  Infernal Pre-Igniter, Supply Depot  
  26  3:33  Hellion  
  28  3:41  Viking  
  30  4:01  Hellion  
  35  4:02  SCV, Hellion  
  35  4:09  Terran Vehicle Weapons Level 1  
  35  4:28  Hellion  
  35  4:31  Supply Depot  
  37  4:35  Liberator  
  40  5:03  Command Center  
  40  5:05  Engineering Bay  
  40  5:17  SCV  
  40  5:18  Cyclone  
  42  5:29  SCV  
  35  5:43  Starport  
  35  5:46  Starport Tech Lab  
  35  5:47  Fusion Core  
  35  5:52  Hellion  
  39  6:05  Siege Tank  
  39  6:07  SCV  
  41  6:13  Hellion  
  43  6:19  SCV  
  43  6:22  Viking  
  46  6:34  Hellion  
  46  6:38  Hellion  
  48  6:52  Terran Ship Weapons Level 1  
  48  6:57  Starport Tech Lab  
  48  7:11  Missile Turret  
  48  7:12  Refinery  
  48  7:13  Refinery, Missile Turret x2  
  48  7:15  Orbital Command  
  48  7:16  SCV  
  46  7:28  SCV  
  47  7:33  Hellion  
  47  7:47  Battlecruiser  
  47  7:50  SCV  
  54  8:04  Weapon Refit  
  54  8:05  SCV x2  
  56  8:14  Supply Depot  
  56  8:17  SCV  
  57  8:25  SCV  
  57  8:26  Hellion  
  60  8:29  SCV  
  61  8:36  Battlecruiser  
  61  8:37  Supply Depot  
  67  8:47  SCV  
  67  8:48  SCV  
  67  9:03  Battlecruiser  
  67  9:04  SCV  
  74  9:18  Command Center  
  74  9:20  Terran Ship Weapons Level 2  
  74  9:21  SCV x2  
  76  9:28  Widow Mine  
  78  9:40  Terran Infantry Weapons Level 1  
  78  9:42  Supply Depot  
  78  9:47  Barracks  
  78  9:49  Barracks Tech Lab  
  78  9:58  Supply Depot  
  78  10:04  Hellion  
  78  10:05  Battlecruiser  
  86  10:16  Supply Depot  
  86  10:18  Supply Depot  
  86  10:20  SCV x2  
  88  10:25  Missile Turret  
  88  10:34  Siege Tank  
  91  10:35  Marine x2  
  91  10:37  Stimpack  
  91  10:38  SCV x3  
  96  10:54  Missile Turret  
  96  10:56  SCV, Refinery  
  96  10:57  SCV  
  98  10:58  Missile Turret  
  98  11:07  Supply Depot  
  98  11:08  SCV  
  99  11:12  Missile Turret  
  99  11:31  Command Center  
  92  11:42  Battlecruiser  
  92  11:43  Marine x2, Hellion, Widow Mine, Viking  
  106  11:52  Supply Depot  
  106  12:00  Marine  
  106  12:01  Marine  
  108  12:04  Hellion  
  110  12:11  Terran Ship Weapons Level 3  
  110  12:13  Terran Infantry Weapons Level 2  
  110  12:18  Marine  
  111  12:23  Marine, Missile Turret  
  111  12:24  Hellion  
  114  12:36  Marine  
  115  13:01  Marine x2  
  115  13:03  Siege Tank, Viking x2, Widow Mine  
  126  13:19  Missile Turret  
  126  13:30  Planetary Fortress  
  126  13:44  Missile Turret  
  126  13:48  Missile Turret  
  126  13:50  Marine  
  126  13:51  Marine  
  128  14:08  Marine, Supply Depot  
  129  14:10  Siege Tank  
  62  15:02  Marine x2, Viking  
  62  15:03  Viking  
  68  15:32  Viking  
  58  15:56  Marine  
  58  15:57  Marine  
  60  16:14  Marine  
  61  16:30  Marine  
  61  16:31  Siege Tank  
  65  16:43  Orbital Command  
  65  16:55  Terran Infantry Armor Level 1  
  65  17:02  Missile Turret  
  65  17:06  Missile Turret  
  65  17:10  SCV x2  
  67  17:35  Marine x2  
  69  17:37  SCV, Viking  
  72  17:49  Supply Depot  
  72  17:53  Marine x2  
  73  17:58  SCV x2  
  75  18:10  Marine  
  74  18:18  Marine  
  75  18:23  Combat Shield  
  75  18:27  Barracks  
  75  18:33  Barracks  
  75  18:35  Marine, Viking  
  78  18:46  SCV  
  79  18:49  Terran Infantry Weapons Level 3, Missile Turret  
  79  18:54  Supply Depot  
  79  18:55  Hellion  
  79  19:08  Factory Tech Lab  
  79  19:10  Marine x2, Viking  
  83  19:28  Marine  
  84  19:32  Marine x3, SCV x2  
  89  19:40  Unknown  
  89  19:46  Marine  
  89  19:50  Marine x3  
  93  19:54  Sensor Tower  
  93  19:59  Hellion  
  95  20:04  Marine  
  96  20:07  Marine x2  
  98  20:17  Missile Turret  
  88  20:29  Marine x4  
  88  20:31  Siege Tank  
  94  20:44  Viking  
  94  20:47  Marine  
  94  20:48  Marauder  
  99  21:10  Marine x2, Viking  
  103  21:23  Missile Turret  
  103  21:49  Marine, Viking, Reaper  
  107  21:59  SCV  
Show
View Real Time Build Order
Export as new Build Order

pHARM Zerg - Winner!

Build Orders: Hatch First 

Get SALT Encoding   

  12  0:03  Drone  
  13  0:15  Overlord  
  13  0:28  Drone  
  14  0:33  Drone x2  
  16  1:02  Drone  
  16  1:03  Drone x2  
  19  1:06  Hatchery  
  18  1:17  Spawning Pool  
  17  1:24  Drone  
  19  1:25  Drone  
  19  1:36  Drone  
  20  1:42  Extractor  
  19  1:52  Drone  
  20  1:57  Overlord  
  20  2:04  Queen  
  22  2:20  Drone x3  
  22  2:22  Queen  
  27  2:31  Drone x2  
  29  2:49  Drone x2  
  31  2:53  Drone  
  31  2:54  Drone  
  31  2:57  Metabolic Boost  
  33  3:00  Queen  
  35  3:07  Zergling x2  
  36  3:32  Roach Warren  
  35  3:40  Drone  
  35  3:41  Overlord x3  
  36  3:50  Drone  
  36  3:53  Drone  
  36  3:58  Queen  
  36  3:59  Drone x5  
  43  4:13  Roach x3  
  43  4:16  Hatchery  
  48  4:36  Lair  
  48  4:39  Overlord x2  
  48  4:43  Roach x2  
  52  4:47  Overlord x2  
  52  4:52  Pneumatized Carapace  
  50  5:30  Drone  
  50  5:31  Drone x8  
  57  6:01  Overlord  
  57  6:03  Drone x5  
  62  6:24  Spore Crawler  
  61  6:26  Spore Crawler  
  61  6:28  Spore Crawler  
  58  6:43  Spore Crawler  
  58  6:44  Spore Crawler  
  58  6:45  Spore Crawler  
  50  7:00  Drone  
  50  7:01  Drone x7  
  58  7:10  Drone x8  
  58  7:11  Drone x3  
  69  7:28  Spore Crawler  
  68  7:30  Spore Crawler  
  68  7:33  Extractor, Drone x11  
  68  7:34  Extractor  
  76  7:41  Spore Crawler, Extractor  
  74  7:45  Hydralisk Den  
  73  7:58  Extractor x2  
  71  8:09  Roach x5  
  81  8:16  Grooved Spines  
  81  8:29  Drone  
  82  8:42  Overlord x3  
  81  9:18  Drone  
  81  9:19  Drone x7  
  81  9:20  Hydralisk x3  
  81  9:21  Hydralisk x2, Hatchery  
  98  9:28  Muscular Augments  
  98  9:50  Hydralisk x4, Overlord x3  
  106  9:57  Nydus Network  
  105  10:10  Hydralisk x11  
  127  10:42  Overlord x5  
  127  10:43  Overlord  
  127  10:51  Hatchery  
  127  10:53  Nydus Canal  
  126  11:15  Hydralisk x9  
  144  11:37  Hydralisk x5  
  144  11:39  Overlord x5  
  154  11:59  Spire  
  153  12:02  Evolution Chamber  
  153  12:03  Evolution Chamber, Drone x4  
  153  12:05  Infestation Pit  
  154  12:26  Hydralisk  
  154  12:27  Hydralisk x15  
  186  12:30  Zerg Ground Armor Level 1, Zerg Missile Weapons Level 1  
  175  13:04  Overseer  
  175  13:35  Nydus Canal  
  175  13:42  Nydus Canal  
  175  13:56  Zerg Flyer Armor Level 1  
  175  14:02  Overlord x4  
  175  14:03  Overlord x12  
  141  14:28  Roach  
  141  14:29  Roach x20  
  141  14:30  Roach x2  
  104  14:54  Hydralisk x13  
  104  14:55  Hydralisk  
  125  15:10  Hydralisk x6  
  135  15:27  Queen x2  
  135  15:28  Corruptor x9  
  135  15:29  Hatchery  
  142  15:58  Extractor  
  140  16:23  Hatchery  
  137  16:27  Hatchery  
  136  16:47  Drone x8  
  136  16:48  Drone x10  
  154  17:04  Overlord  
  154  17:05  Overlord x2  
  154  17:14  Unknown  
  153  17:27  Hive  
  153  17:28  Zerg Missile Weapons Level 2, Zerg Ground Armor Level 2  
  153  17:30  Zerg Flyer Armor Level 2  
  153  17:35  Queen x3  
  159  18:05  Extractor  
  158  18:07  Spore Crawler x2, Extractor  
  158  18:09  Spore Crawler, Drone x4  
  158  18:10  Drone x24  
  180  19:07  Hatchery  
  179  19:38  Hatchery  
  178  19:44  Zerg Melee Weapons Level 1  
  178  19:45  Ultralisk Cavern  
  177  20:23  Corruptor x11  
  199  21:01  Extractor, Greater Spire  
  198  21:05  Extractor  
  198  21:10  Spine Crawler  
  198  21:11  Spine Crawler x2  
  195  21:12  Spore Crawler, Spine Crawler  
  192  21:19  Ultralisk  
  192  21:22  Zergling x4  
  200  21:53  Overseer x5  
Tags
 
Add a new tag
Caveats
  • Supply blocks, unpowered buildings, or Contaminate may cause inaccurate times.
  • Supply counts are checked every 10 seconds.